 Dungeon Crawl Stone Soup version 0.20.0-15-g7f486f2 (webtiles) character file.

4085 sscrono2 the Covert (level 10, 0/71 HPs)
             Began as an Octopode Assassin on June 24, 2017.
             Slain by a yak (11 damage)
             ... on level 8 of the Dungeon.
             The game lasted 00:15:20 (8274 turns).

sscrono2 the Covert (Octopode Assassin)             Turns: 8274, Time: 00:15:20

Health: 0/71       AC:  3    Str: 10    XL:     10   Next: 25%
Magic:  10/10      EV: 17    Int: 17    God:
Gold:   406        SH: 11    Dex: 16    Spells: 9/9 levels left

rFire    . . .     SeeInvis .   a - +2 dagger (holy)
rCold    . . .     Gourm    .   H - +2 buckler
rNeg     . . .     Faith    .   (helmet restricted)
rPois    .         Spirit   .   (no amulet)
rElec    .         Reflect  .   (no ring)
rCorr    .         Harm     .   (no ring)
MR       .....     Clarity  +   (no ring)
Stlth    ++++++....             (no ring)
Regen    0.0/turn               (no ring)
MPRegen  0.2/turn               (no ring)
                                (no ring)
                                (no ring)

@: no status effects
A: almost no armour, stealthy swim, amphibious, 8 rings, constrict 8, antennae
1, iridescent scales 1, large bone plates 1, camouflage 1, blurry vision 1,
clarity, clever 1, deterioration 1, inhibited regeneration, gelatinous body 1
a: no special abilities


You were on level 8 of the Dungeon.
You were not hungry.

You visited 2 branches of the dungeon, and saw 9 of its levels.

You collected 406 gold pieces.

Inventory:

Hand Weapons
 a - a +2 dagger of holy wrath (weapon)
 b - a +0 blowgun
 K - a +1 dagger of speed
Missiles
 c - 35 poisoned needles
 E - 2 curare-tipped needles
Armour
 H - a +2 buckler (worn)
Jewellery
 B - an uncursed ring of magical power {unknown}
 F - an uncursed ring of magical power {unknown}
 G - an uncursed amulet of rage {unknown}
Wands
 n - a wand of digging (9/24)
 v - a wand of digging (15/24)
 I - a wand of flame (15/48)
Scrolls
 k - 2 scrolls of immolation
 l - 2 scrolls of fog
 q - 2 scrolls of blinking
 r - 3 scrolls of teleportation
 t - 6 scrolls of amnesia
 u - 2 scrolls of enchant weapon
 w - 3 scrolls of recharging
 y - a scroll of magic mapping
 C - a scroll of enchant armour
 M - a scroll of remove curse {unknown}
Potions
 d - 2 potions of lignification {unknown}
 e - a potion of ambrosia {unknown}
 h - 5 potions of brilliance {unknown}
 i - 3 potions of cancellation {unknown}
 j - 5 potions of curing
 m - 2 potions of degeneration {unknown}
 o - a potion of might {unknown}
 p - a potion of haste {unknown}
 s - 2 potions of heal wounds {unknown}
 x - 4 potions of flight {unknown}
 D - 2 potions of agility {unknown}
 J - a potion of berserk rage {unknown}
 L - a potion of mutation {unknown}
Comestibles
 f - 6 bread rations
 g - 2 meat rations
 z - 10 royal jellies
 A - 10 fruits


   Skills:
 + Level 7.1 Fighting
 - Level 8.0 Short Blades
 - Level 2.0 Throwing
 + Level 6.8 Dodging
 + Level 11.2 Stealth
 * Level 2.4 Shields


You had 9 spell levels left.
You didn't know any spells.

Dungeon Overview and Level Annotations

Branches:
Dungeon (8/15)             Temple (1/1) D:7
   Lair: D:8-11

Altars:
Ashenzari
Dithmenos
Elyvilon
Fedhas
Hepliaklqana
Kikubaaqudgha
Makhleb
Nemelex Xobeh
Qazlal
Sif Muna
Uskayaw
Vehumet
Xom
Yredelemnul
Zin
The Shining One


Innate Abilities, Weirdness & Mutations

You cannot wear most types of armour.
You are very stealthy in the water. (Stealth+)
You are amphibious.
You can wear up to eight rings at the same time.
You can use your tentacles to constrict eight enemies at once.
Your skin changes colour to match your surroundings (Stealth+).
Your rubbery body absorbs attacks. (AC +1, EV +1)
You have a pair of small antennae on your head.
You are partially covered in iridescent scales. (AC +2)
You are partially covered in large bone plates. (SH +4)
Scrolls take you a little longer to read.
You possess an exceptional clarity of mind.
Your mind is acute. (Int +2)
Your body sometimes deteriorates upon taking damage.
You do not regenerate when monsters are visible.


Message History

You barely miss the yak.
The yak is severely wounded.
The yak misses you.
You hit the yak but do no damage.
The yak is severely wounded.
The yak completely misses you. The yak gores you.
You hit the yak but do no damage.
The yak is severely wounded.
You block the yak's attack.
You hit the yak but do no damage.
The yak is severely wounded.
The yak completely misses you.
You hit the yak.
The yak is severely wounded.
The yak gores you!
* * * LOW HITPOINT WARNING * * *
You hit the yak. You squeeze the yak, but do no damage.
The yak is almost dead.
The yak gores you!
You die...

#..........................#
#..........................#
#.....÷....................#
#..<.....#######...........+
#........+.....#...........##
+........#.....###'###<......
#........#...........#.......
#......##########....'.......
#......#PP≈P@+ {#....#.......
#......#P≈)YY#{ #....#.......
#......#≈.P≈P##+#....#.......
#......#.....#..#....#.......
#.......≈..%.)..#....+.......
#......#..P..'..#....#.......
##.....#≈..%.'.%#....#.......
#.....#....%#†%# #.......
#.....########## .#####..


You could see 2 yaks.

Vanquished Creatures
  Pikel (D:4)
  2 dream sheep (D:8)
  Sigmund (D:2)
  The ghost of kinenseiburu the Conjurer, an amateur HuCj of Fedhas (D:3)
  3 water moccasins
  Duvessa (D:7)
  An orc warrior (D:7)
  3 sky beasts
  A slave (D:4)
  A black bear (D:6)
  2 ogres
  An ice beast (D:7)
  A centaur (D:5)
  3 big kobolds
  Blork the orc (D:4)
  3 bullfrogs
  Dowan (D:7)
  3 killer bees (D:7)
  4 wights (D:6)
  2 howler monkeys
  A bullfrog zombie (D:7)
  3 jellies
  3 crimson imps
  A centaur zombie (D:7)
  An orc priest (D:4)
  Crazy Yiuf (D:5)
  A hound (D:4)
  An iguana (D:6)
  Jessica (D:2)
  Terence (D:3)
  Natasha (D:2)
  2 orc wizards
  3 worker ants
  A hound zombie (D:5)
  A hound skeleton (D:3)
  2 gnolls (D:6)
  10 adders
  2 shadow imps
  2 oozes
  An adder zombie (D:6)
  4 worms
  A dart slug (D:3)
  5 leopard geckos
  11 orcs
  2 bats
  6 giant cockroaches
  9 hobgoblins
  3 jackals (D:4)
  3 quokkas
  A ball python (D:1)
  5 frilled lizards
  10 goblins
  27 kobolds
  A leopard gecko skeleton (D:4)
  A leopard gecko zombie (D:5)
  2 quokka skeletons (D:4)
  6 rats
172 creatures vanquished.

Vanquished Creatures (others)
  A howler monkey (D:4)
  An orc wizard (D:4)
  A leopard gecko (D:4)
  2 orcs (D:4)
  A ball python (D:4)
  A quokka skeleton (D:4)
7 creatures vanquished.

Grand Total: 179 creatures vanquished

Notes
Turn   | Place    | Note
-------+----------+-------------------------------------------
     0 | D:1      | sscrono2 the Octopode Assassin began the quest for the Orb.
     0 | D:1      | Reached XP level 1. HP: 14/14 MP: 1/1
   210 | D:1      | Reached XP level 2. HP: 18/19 MP: 2/2
   608 | D:2      | Found a white marble altar of Elyvilon.
   608 | D:2      | Noticed Natasha
   686 | D:2      | Noticed Sigmund
   691 | D:2      | Reached XP level 3. HP: 17/24 MP: 3/3
   708 | D:2      | Killed Sigmund
   708 | D:2      | Reached skill level 5 in Short Blades
   708 | D:2      | Reached XP level 4. HP: 15/29 MP: 0/4
   708 | D:2      | Reached XP level 5. HP: 18/34 MP: 0/5
  1112 | D:2      | Found a shadowy altar of Dithmenos.
  1195 | D:2      | Noticed Jessica
  1198 | D:2      | Killed Jessica
  1198 | D:2      | Reached XP level 6. HP: 39/39 MP: 6/6
  1839 | D:3      | Noticed Terence
  1843 | D:3      | Killed Terence
  1881 | D:2      | Killed Natasha
  1926 | D:3      | Found a shattered altar of Ashenzari.
  2064 | D:3      | Noticed kinenseiburu's ghost (amateur HuCj)
  2074 | D:3      | Killed kinenseiburu's ghost
  2074 | D:3      | Reached XP level 7. HP: 24/45 MP: 7/7
  2674 | D:4      | Noticed Blork the orc
  2687 | D:4      | Killed Blork the orc
  2893 | D:4      | Noticed Pikel
  2931 | D:4      | Killed Pikel
  2931 | D:4      | Reached skill level 7 in Stealth
  2931 | D:4      | Reached XP level 8. HP: 17/54 MP: 8/8
  3412 | D:5      | Entered Level 5 of the Dungeon
  3657 | D:5      | Found a runed door.
  4258 | D:5      | Reached skill level 8 in Stealth
  4455 | D:5      | Noticed Crazy Yiuf
  4459 | D:5      | Killed Crazy Yiuf
  4513 | D:6      | Found a blossoming altar of Fedhas.
  4532 | D:6      | Reached XP level 9. HP: 60/60 MP: 9/9
  4568 | D:6      | Reached skill level 5 in Fighting
  4655 | D:6      | Reached skill level 9 in Stealth
  4922 | D:6      | Reached skill level 5 in Dodging
  4935 | D:6      | Got a transparent hand axe
  4936 | D:6      | Identified the +1 hand axe of Quryafum {venom, rPois rF+} (You found it on level 6 of the Dungeon)
  5245 | D:6      | Found a shimmering altar of Xom.
  5245 | D:6      | Found a burning altar of Makhleb.
  5825 | D:6      | Gained mutation: Your spells are a little easier to cast, but a little less powerful. [mutagenic meat]
  5826 | D:6      | Gained mutation: Your body sometimes deteriorates upon taking damage. [mutagenic meat]
  5827 | D:6      | Gained mutation: You possess an exceptional clarity of mind. [mutagenic meat]
  5828 | D:6      | Gained mutation: You have a pair of small antennae on your head. [mutagenic meat]
  5829 | D:6      | Gained mutation: You are partially covered in large bone plates. (SH +4) [mutagenic meat]
  6133 | D:7      | Noticed Duvessa
  6135 | D:7      | Noticed Dowan
  6177 | D:7      | Killed Duvessa
  6177 | D:7      | Reached skill level 10 in Stealth
  6188 | D:7      | Killed Dowan
  6686 | D:7      | Found a staircase to the Ecumenical Temple.
  6705 | Temple   | Entered the Ecumenical Temple
  7557 | D:7      | Got a smoking trident
  7558 | D:7      | Identified the +1 trident of Drought {venom, rPois rF- Dex+3} (You found it on level 7 of the Dungeon)
  7698 | D:7      | Gained mutation: You are partially covered in iridescent scales. (AC +2) [mutagenic meat]
  7699 | D:7      | Gained mutation: Scrolls take you a little longer to read. [mutagenic meat]
  7742 | D:7      | Reached XP level 10. HP: 69/69 MP: 10/10
  8130 | D:8      | Reached skill level 11 in Stealth
  8134 | D:8      | Lost mutation: Your spells are a little easier to cast, but a little less powerful. [mutagenic meat]
  8135 | D:8      | Gained mutation: Your mind is acute. (Int +2) [mutagenic meat]
  8136 | D:8      | Gained mutation: You do not regenerate when monsters are visible. [mutagenic meat]
  8205 | D:8      | Reached skill level 1 in Shields
  8274 | D:8      | Slain by a yak

Skill      XL: |  1  2  3  4  5  6  7  8  9 10 |
---------------+-------------------------------+-----
Short Blades   | 3 5 6 7 8 |  8.0
Fighting       | 3 4 6 7 |  7.1
Dodging        | 3 4 6 |  6.8
Stealth        | 7 8 10 11 | 11.2
Shields        | 2 |  2.4
Throwing       | |  2.0

Action                   |  1- 3 |  4- 6 |  7- 9 | 10-12 || total
-------------------------+-------+-------+-------+-------++-------
Melee: Dagger            |    34 |    71 |   333 |    67 ||   505
       Constrict         |     7 |    11 |    58 |     7 ||    83
       Tentacles         |     3 |    11 |    75 |    14 ||   103
 Fire: Blowgun           |     8 |       |    29 |       ||    37
  Use: Scroll            |       |       |    10 |       ||    10
       Potion            |       |       |     1 |       ||     1
 Stab: Sleeping          |    10 |    16 |    33 |     5 ||    64
       Distracted        |     2 |     1 |     1 |       ||     4
  Eat: Chunk             |       |     4 |    18 |     7 ||    29
       Bread ration      |       |       |     2 |       ||     2
Armor: Skin              |       |       |     5 |     1 ||     6
Dodge: Dodged            |    11 |    20 |   166 |    31 ||   228
Block: Other             |       |       |     9 |     1 ||    10
       Buckler           |       |       |       |    12 ||    12
